 Dungeon Crawl Stone Soup version 0.26-a0-524-g073066f631 (webtiles) character file.

Game seed: 429474834196635808

550 Froggeryz the Skirmisher (level 7, -3/60 HPs)
             Began as a Gnoll Wanderer on Aug 13, 2020.
             Killed by divine providence
             ... invoked by an orc priest
              (15 damage)
             ... on level 4 of the Dungeon.
             The game lasted 00:04:33 (4015 turns).

Froggeryz the Skirmisher (Gnoll Wanderer)           Turns: 4015, Time: 00:04:34

Health: -3/60      AC:  9    Str: 13    XL:     7   Next: 29%
Magic:  10/10      EV: 11    Int: 17    God:
Gold:   289        SH:  5    Dex: 15    Spells: 10/10 levels left

rFire    . . .     SeeInvis .   j - +2 short sword (venom)
rCold    . . .     Faith    .   d - +0 buckler
rNeg     . . .     Spirit   .   l - +0 scale mail
rPois    .         Reflect  .   (no helmet)
rElec    .         Harm     .   a - +1 cloak
rCorr    .                      (no gloves)
MR       .....                  (no boots)
Stlth    +.........             (no amulet)
HPRegen  0.20/turn              (no ring)
MPRegen  0.12/turn              (no ring)

@: hasted, very quick
A: distributed training, fangs 1, strong nose
a: no special abilities


You were on level 4 of the Dungeon.
You visited 1 branch of the dungeon, and saw 4 of its levels.

You collected 289 gold pieces.

Inventory:

Hand Weapons
 j - a +2 short sword of venom (weapon)
 s - a +4 quarterstaff of chaos
 t - a +0 flail of protection
Missiles
 q - 2 throwing nets (quivered)
Armour
 a - a +1 cloak (worn)
 d - a +0 buckler (worn)
 l - a +0 scale mail (worn)
 p - a scarf of shadows
Scrolls
 c - 9 scrolls of identify
 e - 2 scrolls of random uselessness {unknown}
 k - a scroll of remove curse {unknown}
 m - 2 scrolls of teleportation {unknown}
Potions
 b - 2 potions of haste
 f - 2 potions of brilliance
 g - a potion of mutation {unknown}
 h - 4 potions of curing
 i - a potion of berserk rage {unknown}
 n - 3 potions of degeneration {unknown}
 o - a potion of resistance {unknown}
 r - a potion of might {unknown}
 u - 2 potions of lignification {unknown}
 v - a potion of flight {unknown}


   Skills:
 + Level 7.0 Fighting
 + Level 2.3 Short Blades
 + Level 2.3 Long Blades
 + Level 2.3 Axes
 + Level 3.5 Maces & Flails
 + Level 2.3 Polearms
 + Level 2.3 Staves
 + Level 2.3 Slings
 + Level 2.3 Bows
 + Level 2.3 Crossbows
 + Level 2.3 Throwing
 + Level 5.2 Armour
 + Level 3.5 Dodging
 + Level 3.4 Stealth
 + Level 5.2 Shields
 + Level 2.3 Unarmed Combat
 + Level 2.3 Spellcasting
 + Level 1.9 Conjurations
 + Level 1.9 Hexes
 + Level 1.9 Summonings
 + Level 1.9 Necromancy
 + Level 1.9 Translocations
 + Level 1.9 Transmutations
 + Level 1.9 Fire Magic
 + Level 1.9 Ice Magic
 + Level 1.9 Air Magic
 + Level 1.9 Earth Magic
 + Level 1.9 Poison Magic
 + Level 2.6 Invocations
 + Level 2.3 Evocations


You had 10 spell levels left.
You didn't know any spells.
Your spell library was empty.

Dungeon Overview and Level Annotations

Branches:
Dungeon (4/15)
 Temple: D:4-7

Altars:
Qazlal
Sif Muna


Innate Abilities, Weirdness & Mutations

Your experience applies equally to all skills.
You have very sharp teeth.
Your uncanny sense of smell can sniff out nearby items.


Message History

The orc warrior is lightly wounded.
The orc warrior hits you with a +0 flail!
The orc priest invokes the aid of Beogh against you.
Pain shoots through your body! You block the orc's attack.
The orc priest looks encouraged for a moment.
The orc barely misses you.
The orc priest calls upon Beogh to heal the orc warrior.
The orc warrior is healed somewhat.
As you read the scroll labeled VORINUSCHAC, it crumbles to dust.
It is a scroll of identify.
f - 2 potions of brilliance You block the orc warrior's attack.
The orc hits you with a +0 club.
The orc priest looks braver for a moment.
The orc priest calls down the wrath of Beogh upon you.
Beogh smites you!
* * * LOW HITPOINT WARNING * * *
You feel yourself speed up. The orc warrior misses you.
The orc priest mumbles some strange prayers to Beogh against you.
Beogh smites you!
You die...

#............................
#..........................†.
#............................
#............................
#...............(............
#............................
#............................
#.........o..................
#........oo.@................
#.....o#########........#####
#..[.o.# #........+...#
#...o..# #........#...#
#......# #........#..#8
#......# #........#...#
#.....?# ##########.#..
#......#+###### #........#8#.
#......#....... #......<..#..


You could see an orc warrior (poisoned), an orc priest and 2 orcs.

Vanquished Creatures
  Edmund (D:4)
  A scorpion (D:4)
  A hound (D:4)
  Crazy Yiuf (D:2)
  An orc wizard (D:3)
  Natasha (thrice) (D:2)
  2 worker ants (D:4)
  A hound skeleton (D:4)
  7 adders
  An ooze (D:2)
  2 adder skeletons (D:4)
  2 worms
  2 dart slugs
  3 leopard geckos
  10 orcs
  A ball python (D:1)
  2 giant cockroaches
  5 goblins
  5 hobgoblins
  4 jackals (D:2)
  2 quokkas
  5 bats
  3 frilled lizards
  10 kobolds
  7 rats
82 creatures vanquished.

Notes
Turn   | Place    | Note
-------+----------+-------------------------------------------
     0 | D:1      | Froggeryz the Gnoll Wanderer began the quest for the Orb.
     0 | D:1      | Froggeryz set off with the following items: a +2 dagger, a
                  | potion of haste, a +0 mace, a +0 ring mail
     0 | D:1      | Reached XP level 1. HP: 23/23 MP: 1/1
   385 | D:1      | Reached XP level 2. HP: 29/29 MP: 2/2
   904 | D:1      | Reached XP level 3. HP: 35/35 MP: 3/3
  1251 | D:2      | Noticed Natasha
  1259 | D:2      | Killed Natasha
  1259 | D:2      | Reached skill level 1 in Short Blades
  1259 | D:2      | Reached skill level 1 in Long Blades
  1259 | D:2      | Reached skill level 1 in Axes
  1259 | D:2      | Reached skill level 1 in Polearms
  1259 | D:2      | Reached skill level 1 in Staves
  1259 | D:2      | Reached skill level 1 in Slings
  1259 | D:2      | Reached skill level 1 in Bows
  1259 | D:2      | Reached skill level 1 in Crossbows
  1259 | D:2      | Reached skill level 1 in Throwing
  1259 | D:2      | Reached skill level 1 in Unarmed Combat
  1259 | D:2      | Reached skill level 1 in Spellcasting
  1259 | D:2      | Reached skill level 1 in Invocations
  1259 | D:2      | Reached skill level 1 in Evocations
  1450 | D:2      | Reached XP level 4. HP: 39/41 MP: 5/5
  1577 | D:2      | Found a shimmering blue altar of Sif Muna.
  1577 | D:2      | Noticed Natasha
  1591 | D:2      | Killed Natasha
  1591 | D:2      | Reached skill level 1 in Conjurations
  1591 | D:2      | Reached skill level 1 in Hexes
  1591 | D:2      | Reached skill level 1 in Summonings
  1591 | D:2      | Reached skill level 1 in Necromancy
  1591 | D:2      | Reached skill level 1 in Translocations
  1591 | D:2      | Reached skill level 1 in Transmutations
  1591 | D:2      | Reached skill level 1 in Fire Magic
  1591 | D:2      | Reached skill level 1 in Ice Magic
  1591 | D:2      | Reached skill level 1 in Air Magic
  1591 | D:2      | Reached skill level 1 in Earth Magic
  1591 | D:2      | Reached skill level 1 in Poison Magic
  1826 | D:2      | Reached XP level 5. HP: 35/47 MP: 6/6
  1901 | D:2      | Noticed Natasha
  1908 | D:2      | Killed Natasha
  2147 | D:2      | Found a runed translucent door.
  2148 | D:2      | Noticed Crazy Yiuf
  2212 | D:2      | Paralysed by Crazy Yiuf for 6 turns
  2222 | D:2      | Killed Crazy Yiuf
  2750 | D:3      | Noticed a fire elemental
  2752 | D:3      | Found a stormy altar of Qazlal.
  2756 | D:3      | Noticed an air elemental
  2756 | D:3      | Noticed a water elemental
  2796 | D:3      | Reached XP level 6. HP: 41/53 MP: 8/8
  3324 | D:4      | Reached skill level 5 in Armour
  3324 | D:4      | Reached skill level 5 in Shields
  3414 | D:4      | Noticed Edmund
  3446 | D:4      | Killed Edmund
  3446 | D:4      | Reached XP level 7. HP: 45/59 MP: 10/10
  3645 | D:4      | Reached skill level 7 in Fighting
  4015 | D:4      | Killed from afar by an orc priest

Illustrated notes

Levels and vault maps discovered:
D:1:      dpeg_arrival_rooms_c, layout_basic
D:2:      layout_basic, lemuel_crystal_altar, minmay_pentomino_x2,
          uniq_crazy_yiuf_cottage, uniq_natasha
D:3:      layout_loops_ring, nicolae_qazlal_style_of_elements,
          kennysheep_nondescript
D:4:      layout_gridville, kennysheep_doodads, uniq_edmund

Skill      XL: |  1  2  3  4  5  6  7 |
---------------+----------------------+-----
Short Blades   | 1 2 |  2.3
Long Blades    | 1 2 |  2.3
Axes           | 1 2 |  2.3
Polearms       | 1 2 |  2.3
Staves         | 1 2 |  2.3
Slings         | 1 2 |  2.3
Bows           | 1 2 |  2.3
Crossbows      | 1 2 |  2.3
Throwing       | 1 2 |  2.3
Unarmed Combat | 1 2 |  2.3
Spellcasting   | 1 2 |  2.3
Invocations    | 1 2 |  2.6
Evocations     | 1 2 |  2.3
Conjurations   | 1 |  1.9
Hexes          | 1 |  1.9
Summonings     | 1 |  1.9
Necromancy     | 1 |  1.9
Translocations | 1 |  1.9
Transmutations | 1 |  1.9
Fire Magic     | 1 |  1.9
Ice Magic      | 1 |  1.9
Air Magic      | 1 |  1.9
Earth Magic    | 1 |  1.9
Poison Magic   | 1 |  1.9
Maces & Flails | 3 |  3.5
Dodging        | 3 |  3.5
Stealth        | 3 |  3.4
Armour         | 5 |  5.2
Shields        | 5 |  5.2
Fighting       | 7 |  7.0

Action                   |  1- 3 |  4- 6 |  7- 9 || total
-------------------------+-------+-------+-------++-------
Melee: Dagger            |    32 |       |       ||    32
       Bite              |     3 |    17 |     9 ||    29
       Mace              |     8 |       |       ||     8
       Short sword       |    23 |   173 |    47 ||   243
  Use: Scroll            |       |       |     1 ||     1
       Potion            |       |       |     1 ||     1
 Stab: Sleeping          |     1 |       |       ||     1
       Distracted        |     1 |       |       ||     1
       Invisible         |       |     1 |       ||     1
Armor: Ring mail         |    17 |       |       ||    17
       Scale mail        |    10 |    70 |    12 ||    92
Dodge: Dodged            |    44 |    83 |    27 ||   154
Block: Buckler           |       |    47 |    13 ||    60

Table legend: (Time is in decaauts)
 A = Elapsed time spent in this place.
 B = Non-inter-level travel time spent in this place.
 C = Inter-level travel time spent in this place.
 D = Time resting spent in this place.
 E = Time spent auto-exploring this place.
 F = Levels seen in this place.
 G = Mean time per level.
                   A        B        C        D        E       F      G
               +--------+--------+--------+--------+--------+-----+--------+
         Total |   4026 |   3886 |    140 |    697 |   2472 |   4 | 1006.5 |
       Dungeon |   4026 |   3886 |    140 |    697 |   2472 |   4 | 1006.5 |
               +--------+--------+--------+--------+--------+-----+--------+

Top non-repeatable levels by time:
     D:2: 1398 daAuts
     D:1: 1245 daAuts
     D:4: 706 daAuts
     D:3: 676 daAuts
